cohdb
Replays
Latest Replays
All Replays
Popular Replays
Top Player Replays
Match Explorer
How It Works
Community
CoH3 Stats
Reddit
Sign in to upload your games and track your stats! →
Sign in with Steam
Match 46772567
Unlisted
Match 46772567
Overview
Messages
Build Orders
End
Construct Barracks
Riflemen Squad
Riflemen Squad
Grenade Package
Riflemen Squad
Air Support Center
Engineer Squad
Grasshopper Recon Run
P-47 Strafing Run
Construct Weapon Support Center
Air Supply
Double Sortie
Grasshopper Recon Run
P-47 Strafing Run
Selects Special Operations Battlegroup
P-47 Strafing Run
P-47 Dive Bomb
Selects Raiding Flares
Selects SSF Commando Squad
SSF Commando Squad
Grasshopper Recon Run
P-47 Strafing Run
P-47 Dive Bomb
Construct Tank Depot
Grasshopper Recon Run
M4(105) Sherman Bulldozer
P-47 Strafing Run
P-47 Dive Bomb
Selects Air Re-supply Operation
Improved Aircraft Armor
Grasshopper Recon Run
P-47 Strafing Run
SSF Commando Squad
P-47 Dive Bomb
P-47 Strafing Run
Engineer Squad
Grasshopper Recon Run
P-47 Dive Bomb
M4A1 Sherman Medium Tank
Valieriumborn
Sharpshoe
Jimm-e
A Sassy Badger
Kampfstärke
Ben Shapiro raped me with facts
skyhawkfranky
TodesApostel
0
0
Comments
sign in to comment!
No comments posted yet!